 Dungeon Crawl Stone Soup version 0.31-a0-1068-g5939ac1fb6 (webtiles) character file.

Game seed: 11353106157973332367

6631 kae the Severer (level 10, -8/83 HPs)
             Began as a Minotaur Fighter on Nov 23, 2023.
             Was an Elder of Qazlal.
             Mangled by Urug
             ... wielding a +2 eveningstar
              (11 damage)
             ... on level 10 of the Dungeon.
             The game lasted 00:06:28 (9351 turns).

kae the Severer (Minotaur Fighter)                  Turns: 9351, Time: 00:06:28

Health: -8/83      AC: 12    Str: 28    XL:     10   Next: 72%
Magic:  14/14      EV: 11    Int:  5    God:    Qazlal [****..]
Gold:   479        SH:  5    Dex: 10    Spells: 9/9 levels left

rFire   . . .        y - +2 battleaxe (flame)
rCold   . . .        (shield currently unavailable)
rNeg    . . .        b - +0 scale mail
rPois   .            (helmet restricted)
rElec   .            h - +0 cloak
rCorr   .            m - +2 pair of gloves {Str+3}
SInv    .            (no boots)
Will    .....        (no amulet) Stlth
                     (no ring)
HPRegen 0.33/turn    (no ring)
MPRegen 0.14/turn

%: repel missiles
@: no status effects
A: horns 2, retaliatory headbutt
a: Renounce Religion, Upheaval, Elemental Force


You were on level 10 of the Dungeon.
You worshipped Qazlal.
Qazlal was greatly pleased with you.
You visited 1 branch of the dungeon, and saw 10 of its levels.
You also visited: Sewer.

You collected 689 gold pieces.
You spent 210 gold pieces at shops.


Innate Abilities, Weirdness & Mutations

You have a pair of horns on your head.
You reflexively headbutt those who attack you in melee.


   Skills:
 + Level 5.8 Fighting
 + Level 15.6 Axes
 + Level 5.7 Armour
 + Level 3.9 Dodging
 - Level 3.6 Shields
 + Level 7.1 Invocations


You had 9 spell levels left.
You didn't know any spells.
Your spell library contained the following spells:

 Spells                   Type           Power      Damage    Failure   Level
 Magic Dart               Conj           0%         1d3       73%         1
 Searing Ray              Conj           0%         2d4       86%         2
 Dazzling Flash           Conj/Hex       0%         N/A       97%         3
 Inner Flame              Hex/Fire       0%         N/A       97%         3
 Tukima's Dance           Hex            0%         N/A       97%         3
 Volatile Blastmotes      Fire/Tloc      0%         2d10      97%         3
 Dimensional Bullseye     Hex/Tloc       0%         N/A       100%        4
 Fulminant Prism          Conj/Hex       0%         3d5       100%        4
 Iskenderun's Mystic Bla  Conj/Tloc      0%         2d3       100%        4
 Summon Forest            Summ/Tloc      0%         N/A       100%        5
 Yara's Violent Unravell  Hex/Tmut       0%         3d3       100%        5
 Eringya's Noxious Bog    Tmut/Pois      0%         4d6       100%        6
 Starburst                Conj/Fire      0%         6d3       100%        6
 Enfeeble                 Hex            0%         N/A       100%        7
 Summon Hydra             Summ           0%         N/A       100%        7
 Maxwell's Capacitive Co  Air            0%         ∞         100%        8

Inventory:

Hand Weapons
 a - a +1 war axe
 y - a +2 battleaxe of flaming (weapon)
   (You took it off an orc warrior on level 7 of the Dungeon)
Missiles
 e - 3 curare-tipped darts {=f}
 f - 120 stones
 i - 41 poisoned darts
 n - 2 javelins
 r - a throwing net {=f!f}
 v - 6 boomerangs
Armour
 b - a +0 scale mail (worn)
 c - a +0 buckler
 h - a +0 cloak (worn)
   (You found it on level 1 of the Dungeon)
 m - a +2 pair of gloves of strength (worn)
   (You found it on level 2 of the Dungeon)
Jewellery
 F - a ring of fire
   (You found it on level 8 of the Dungeon)
Wands
 A - a wand of digging (5)
   (You found it on level 7 of the Dungeon)
 B - a wand of roots (8)
   (You found it on level 8 of the Dungeon)
 C - a wand of light (5)
   (You found it on level 7 of the Dungeon)
 D - a wand of flame (8)
   (You found it on level 8 of the Dungeon)
Scrolls
 j - a scroll of brand weapon
 k - a scroll of amnesia
 q - 3 scrolls of teleportation {@r4}
 s - 2 scrolls of identify {@r1}
 w - a scroll of fog
 x - a scroll of immolation {!r!r}
 I - a scroll of vulnerability {unknown}
Potions
 d - 3 potions of might
 g - a potion of degeneration {!q}
 l - 2 potions of haste {@q3}
 o - 4 potions of invisibility
 p - 4 potions of curing {@q1}
 t - 2 potions of attraction {!q}
 u - a potion of enlightenment
 z - a potion of brilliance
 E - a potion of magic
 G - 2 potions of heal wounds {@q2}
 H - a potion of berserk rage {!q}

Dungeon Overview and Level Annotations

Branches:
Dungeon (10/15) Zot: 26970  Temple (0/1) D:5            Lair (0/5) D:9
    Orc (0/2) D:9           Sewer (visited)

Altars:
Gozag
Kikubaaqudgha
Makhleb
Qazlal
Xom
Zin

Shops:
D:4 *   D:9 !

Annotations:
D:10 Urug

..............#
#####........#
#......>.#
#........#
#!.......#
#........#
#####.?○.°...#
.......○°....#
.......@☼°...#
.......o.....#
.......#####.#
....... .#
....... #
....... .......
.......


You could see Urug.


Message History

You now have 464 gold pieces (gained 7).
Found a stone staircase leading up.
No target in view!
No target in view!
You now have 479 gold pieces (gained 15).
There is a stone staircase leading down here.
You open the door. You open the door.
There is a stone staircase leading down here.
You open the door.
There is an open door here.
Key pressed, stopping explore.
Key pressed, stopping explore.
No target in view!
No target in view!
q - 3 scrolls of teleportation {@r4} (gained 1) Key pressed, stopping explore.
No target in view!
No target in view!
There is an open door here.
There is an open door here.
Key pressed, stopping explore.
No target in view!
No target in view!
There is a stone staircase leading up here.
Key pressed, stopping explore.
No target in view!
No target in view!
You see here a yak skeleton.
Key pressed, stopping explore.
No target in view!
No target in view!
Done exploring.
Done exploring.
No target in view!
No target in view!
Done exploring.
No target in view!
No target in view!
Done exploring.
Done exploring.
There is a stone staircase leading down here.
You climb downwards.
There is a stone staircase leading up here.
A centaur is nearby!
Okay, then.
You slash the centaur! You burn the centaur!
You kill the centaur!
Qazlal accepts your kill.
There is a stone staircase leading up here.
I - a scroll labelled TICKOILUVI No target in view!
No target in view!
Found a stone staircase leading down.
No target in view!
No target in view!
There is a stone staircase leading down here.
You hear a shout!
Urug the Orcish Ballista comes into view.
She is wielding a +2 eveningstar and wearing a +2 scale mail of fire resistance.
Urug shouts!
Urug hits you with a +2 eveningstar.
You slice Urug!!
Urug hits you with a +2 eveningstar. 😕 HP[-6]
You take 6 damage, and now have 77/83 hp.
You slice Urug!! You burn Urug. Your headbutt misses Urug.
Urug hits you with a +2 eveningstar!!
You are too injured to fight recklessly! 😮 HP[-23]
You take 23 damage, and now have 54/83 hp.
MASSIVE DAMAGE!! (PAUSE)
You are too injured to fight recklessly!
You are too injured to fight recklessly!
You are too injured to fight recklessly!
You are too injured to fight recklessly!
You are too injured to fight recklessly!
You are too injured to fight recklessly!
Unknown command.
You barely miss Urug. Urug hits you with a +2 eveningstar!!
* * * LOW HITPOINT WARNING * * *
😨 HP[-18]
You take 18 damage, and now have 36/83 hp.
MASSIVE DAMAGE!! (PAUSE)
You hit Urug. You burn Urug. Your headbutt misses Urug.
Urug closely misses you. 😨 HP[+1]
You hit Urug but do no damage.
Urug is engulfed in a thunderstorm.
Urug winks... or blinks.
Urug hits you with a +2 eveningstar!
* * * LOW HITPOINT WARNING * * *
😨 HP[-16]
You take 16 damage, and now have 21/83 hp.
You closely miss Urug. Urug hits you with a +2 eveningstar!!
* * * LOW HITPOINT WARNING * * *
😱 HP[-19]
You take 19 damage, and now have 2/83 hp.
MASSIVE DAMAGE!! (PAUSE)
You closely miss Urug. Your headbutt misses Urug.
Urug hits you with a +2 eveningstar!
You die...
Urug screams, "Revenge at last!"

Skill      XL: |  1  2  3  4  5  6  7  8  9 10 |
---------------+-------------------------------+-----
Axes           | 3 4 5 6 7 8 9 12 15 | 15.6
Invocations    | 2 4 5 6 7 |  7.1
Dodging        | 1 3 |  3.9
Fighting       | 5 |  5.8
Armour         | 5 |  5.7
Shields        | |  3.6

Action                     |  1- 3 |  4- 6 |  7- 9 | 10-12 || total
---------------------------+-------+-------+-------+-------++-------
  Melee: War axe           |    81 |   124 |   169 |       ||   374
         Headbutt          |    10 |     9 |    45 |    13 ||    77
         Battleaxe         |       |       |   130 |    90 ||   220
    Use: Scroll            |       |    10 |     7 |     4 ||    21
         Potion            |       |     1 |     1 |       ||     2
 Armour: Scale mail        |    48 |    77 |   262 |    61 ||   448
  Dodge: Dodged            |    40 |    60 |   129 |    36 ||   265
         Repelled          |       |       |       |     1 ||     1
  Block: Buckler           |    22 |    26 |    52 |       ||   100
         Other             |       |       |    18 |    13 ||    31

Levels and vault maps discovered:
D:1:      dpeg_arrival_three_same_balls, layout_basic, basic_ecumenical_altar,
          kennysheep_crisscross
D:2:      layout_rooms, basic_altar
D:3:      layout_basic, nicolae_qazlal_general_emergency
D:4:      layout_rooms, bloody_makhleb, nicolae_gozag_zags_fifth_avenue,
          uniq_sigmund
D:5:      layout_basic, minmay_temple_entry_mist, portal_sewer_entry_b,
          minmay_pentangle
D:6:      layout_loops_ring, amcnicky_altar_gilded
D:7:      minmay_flawed_box, layout_cave_pools, kennysheep_mini_moat
D:8:      layout_basic
D:9:      layout_basic, david_lair_shrubbed, david_orc_2, serial_shops,
          nicolae_shop_tiny_glass, serial_aquarium, aquarium_bridge_straight
          [aquarium_subvault_bridge, aquarium_subvault_window,
          aquarium_subvault_bridge, aquarium_subvault_wall],
          aquarium_bridge_straight [aquarium_subvault_bridge,
          aquarium_subvault_window, aquarium_subvault_bridge,
          aquarium_subvault_balcony], aquarium_window_fake,
          aquarium_window_corridor_3, aquarium_window_fake, aquarium_view_2c
D:10:     layout_small_grid, kennysheep_mini, elyvilon_altar_5, uniq_urug

Notes
Turn   | Place    | Note
-------+----------+-------------------------------------------
     0 | D:1      | kae the Minotaur Fighter began the quest for the Orb.
     0 | D:1      | Reached XP level 1. HP: 19/19 MP: 0/0
     0 | D:1      | magus.rc [v1.11.3]
   121 | D:1      | Reached skill level 3 in Axes
   190 | D:1      | Reached XP level 2. HP: 26/26 MP: 1/1
   344 | D:1      | Reached skill level 4 in Axes
   468 | D:1      | Found a faded altar of an unknown god.
   504 | D:1      | Reached XP level 3. HP: 31/31 MP: 2/2
   999 | D:2      | Found an ancient bone altar of Kikubaaqudgha.
  1087 | D:2      | Identified the +5 quarterstaff "Banypiog" {freeze, Fly
                  | rElec Str+5 Dex-2}
  1126 | D:2      | You pick up a book of Misfortune and begin reading...
  1126 | D:2      | You add the spells Inner Flame, Yara's Violent Unravelling
                  | and Enfeeble to your library.
  1159 | D:2      | Reached skill level 5 in Axes
  1463 | D:3      | Reached XP level 4. HP: 39/39 MP: 3/3
  1478 | D:3      | Found a stormy altar of Qazlal.
  1549 | D:3      | You add the spells Summon Forest, Eringya's Noxious Bog and
                  | Summon Hydra to your library.
  1876 | D:3      | Reached skill level 6 in Axes
  2135 | D:3      | Became a worshipper of Qazlal Stormbringer
  2307 | D:4      | Noticed Sigmund
  2343 | D:4      | Found a burning altar of Makhleb.
  2361 | D:4      | Reached XP level 5. HP: 35/45 MP: 4/4
  2366 | D:4      | Reached skill level 1 in Invocations
  2422 | D:4      | Killed Sigmund
  2423 | D:4      | Reached skill level 7 in Axes
  2423 | D:4      | Reached skill level 2 in Invocations
  2423 | D:4      | Reached XP level 6. HP: 47/51 MP: 4/7
  2466 | D:4      | You pick up a book of Spectacle and begin reading...
  2466 | D:4      | You add the spells Volatile Blastmotes, Dazzling Flash,
                  | Starburst and Maxwell's Capacitive Coupling to your
                  | library.
  2481 | D:4      | Found Gozag's Platinum Reserve.
  2511 | D:4      | Found an opulent altar of Gozag.
  2616 | D:4      | Reached skill level 3 in Invocations
  2784 | D:5      | Entered Level 5 of the Dungeon
  2808 | D:5      | Found a glowing drain.
  2825 | Sewer    | Entered a sewer
  2887 | Sewer    | Reached * piety under Qazlal
  3062 | Sewer    | Reached skill level 8 in Axes
  3062 | Sewer    | Reached skill level 4 in Invocations
  3062 | Sewer    | Reached XP level 7. HP: 57/57 MP: 7/9
  3607 | D:5      | Reached skill level 5 in Invocations
  3708 | D:5      | Reached skill level 9 in Axes
  3708 | D:5      | Reached XP level 8. HP: 35/64 MP: 9/11
  4036 | D:5      | Reached ** piety under Qazlal
  4129 | D:5      | Found a staircase to the Ecumenical Temple.
  4142 | D:5      | Reached skill level 6 in Invocations
  4647 | D:6      | Reached skill level 10 in Axes
  4844 | D:6      | You pick up a book of Conjurations and begin reading...
  4844 | D:6      | You add the spells Magic Dart, Searing Ray and Fulminant
                  | Prism to your library.
  4973 | D:6      | Reached skill level 11 in Axes
  5361 | D:6      | Found a glowing silver altar of Zin.
  5572 | D:7      | Found a shimmering altar of Xom.
  5609 | D:7      | Reached skill level 12 in Axes
  5609 | D:7      | Reached XP level 9. HP: 24/70 MP: 12/12
  5783 | D:7      | HP: 17/70 [orc priest/nerve-wracking pain (10)]
  5788 | D:7      | HP: 14/70 [orc/+0 trident (2)]
  5790 | D:7      | HP: 6/70 [something (3)]
  6161 | D:7      | Reached skill level 13 in Axes
  6626 | D:8      | Reached *** piety under Qazlal
  6841 | D:8      | Reached skill level 14 in Axes
  6843 | D:8      | HP: 14/70 [yak (10)]
  7062 | D:8      | You pick up a book of Weapons and begin reading...
  7062 | D:8      | You add the spells Tukima's Dance, Dimensional Bullseye and
                  | Iskenderun's Mystic Blast to your library.
  7087 | D:8      | Reached skill level 15 in Axes
  7561 | D:8      | Reached skill level 1 in Dodging
  7561 | D:8      | Reached XP level 10. HP: 78/78 MP: 13/13
  7566 | D:8      | Reached skill level 4 in Fighting
  7566 | D:8      | Reached skill level 4 in Armour
  7724 | D:9      | Reached skill level 2 in Dodging
  7962 | D:9      | Found Zusever's Distillery.
  8005 | D:9      | Reached skill level 5 in Fighting
  8011 | D:9      | Reached skill level 5 in Armour
  8012 | D:9      | Reached **** piety under Qazlal
  8129 | D:9      | Bought 2 potions of heal wounds for 140 gold pieces
  8129 | D:9      | Bought a potion of berserk rage for 70 gold pieces
  8205 | D:9      | Reached skill level 3 in Dodging
  8205 | D:9      | Found a staircase to the Orcish Mines.
  8456 | D:9      | Found a staircase to the Lair.
  8471 | D:9      | HP: 9/81 [komodo dragon (21)]
  8834 | D:9      | Reached skill level 7 in Invocations
  9322 | D:10     | Entered Level 10 of the Dungeon
  9341 | D:10     | Noticed Urug
  9350 | D:10     | HP: 2/83 [Urug/+2 eveningstar (19)]
  9351 | D:10     | Mangled by Urug

Vanquished Creatures
  A komodo dragon (D:9)
  Sigmund (D:4)
  A basilisk (D:9)
  18 yaks
  A steam dragon (D:7)
  3 water moccasins
  2 ice beasts
  5 orc warriors
  A sky beast (D:6)
  An ogre (D:6)
  3 centaurs
  6 kobold brigands
  A phantom (D:5)
  A bullfrog (D:8)
  A scorpion (D:5)
  A killer bee (D:5)
  2 howler monkeys
  A jelly (D:3)
  2 orc priests
  2 hounds
  5 sleepcaps
  17 orc wizards
  5 iguanas
  6 gnolls
  15 adders
  3 river rats
  2 white imps
  6 ufetubi
  3 worms
  A dart slug (D:1)
  33 orcs
  6 endoplasms
  10 giant cockroaches
  4 goblins
  8 hobgoblins
  12 jackals
  5 quokkas
  9 ball pythons
  3 bats
  6 frilled lizards
  35 kobolds
  8 rats
256 creatures vanquished.

Table legend:
 A = Non-vault XP
 B = Vault XP
 C = Vault XP percentage of total XP
 D = Non-vault monster count
 E = Vault monster count
 F = Vault count percentage of total count
                 A         B        C        D         E       F
            +---------+---------+-------+---------+---------+-------
      Total |    7308 |    2166 |  22.9 |     201 |      55 |  21.5
            +---------+---------+-------+---------+---------+-------
        D:1 |      46 |       0 |   0.0 |      28 |       0 |   0.0
        D:2 |      42 |       0 |   0.0 |      16 |       0 |   0.0
        D:3 |      75 |       0 |   0.0 |      17 |       0 |   0.0
        D:4 |     128 |     223 |  63.5 |      16 |       1 |   5.9
        D:5 |     392 |     600 |  60.5 |      22 |      12 |  35.3
        D:6 |     904 |       0 |   0.0 |      27 |       0 |   0.0
        D:7 |     802 |     349 |  30.3 |      20 |      10 |  33.3
        D:8 |    2147 |       0 |   0.0 |      30 |       0 |   0.0
        D:9 |    2660 |     690 |  20.6 |      24 |       9 |  27.3
       D:10 |     112 |       0 |   0.0 |       1 |       0 |   0.0
      Sewer |       0 |     304 | 100.0 |       0 |      23 | 100.0
            +---------+---------+-------+---------+---------+-------

Skill      XL: |  1  2  3  4  5  6  7  8  9 10 |
---------------+-------------------------------+-----
Axes           | 3 4 5 6 7 8 9 12 15 | 15.6
Invocations    | 2 4 5 6 7 |  7.1
Dodging        | 1 3 |  3.9
Fighting       | 5 |  5.8
Armour         | 5 |  5.7
Shields        | |  3.6

Action                     |  1- 3 |  4- 6 |  7- 9 | 10-12 || total
---------------------------+-------+-------+-------+-------++-------
  Melee: War axe           |    81 |   124 |   169 |       ||   374
         Headbutt          |    10 |     9 |    45 |    13 ||    77
         Battleaxe         |       |       |   130 |    90 ||   220
    Use: Scroll            |       |    10 |     7 |     4 ||    21
         Potion            |       |     1 |     1 |       ||     2
 Armour: Scale mail        |    48 |    77 |   262 |    61 ||   448
  Dodge: Dodged            |    40 |    60 |   129 |    36 ||   265
         Repelled          |       |       |       |     1 ||     1
  Block: Buckler           |    22 |    26 |    52 |       ||   100
         Other             |       |       |    18 |    13 ||    31

Illustrated notes

Table legend:
 A = Kills in this place as a percentage of kills in the entire game.
 B = Kills by you in this place as a percentage of kills by you in the entire game.
 C = Kills by friends in this place as a percentage of kills by friends in the entire game.
 D = Other kills in this place as a percentage of other kills in the entire game.
 E = Experience gained in this place as a percentage of experience gained in the entire game.
 F = Experience gained in this place divided by the number of levels of this place that you have seen.
                   A       B       C       D       E      F
               +-------+-------+-------+-------+-------+----------------------
         Total | 100.0 | 100.0 |   N/A |   N/A | 100.0 | 861.3
       Dungeon |  91.0 |  91.0 |   N/A |   N/A |  96.8 | 917.0
         Sewer |   9.0 |   9.0 |   N/A |   N/A |   3.2 | 304.0
               +-------+-------+-------+-------+-------+----------------------

Table legend: (Time is in decaauts)
 A = Elapsed time spent in this place.
 B = Non-inter-level travel time spent in this place.
 C = Inter-level travel time spent in this place.
 D = Time resting spent in this place.
 E = Time spent auto-exploring this place.
 F = Levels seen in this place.
 G = Mean time per level.
                   A        B        C        D        E       F      G
               +--------+--------+--------+--------+--------+-----+--------+
         Total |   9535 |   9216 |    319 |    424 |   7324 |  11 |  866.8 |
       Dungeon |   8791 |   8472 |    319 |    424 |   6762 |  10 |  879.1 |
         Sewer |    743 |    743 |      0 |      0 |    562 |   1 |  743.0 |
               +--------+--------+--------+--------+--------+-----+--------+

Top non-repeatable levels by time:
     D:9: 1495 daAuts
     D:5: 1221 daAuts
     D:8: 1207 daAuts
     D:7: 1064 daAuts
     D:6: 950 daAuts
     D:1: 843 daAuts
     D:3: 788 daAuts
   Sewer: 743 daAuts
     D:4: 610 daAuts
     D:2: 581 daAuts
    D:10: 28 daAuts
